 Dungeon Crawl Stone Soup version 0.30.0-5-g1a98f26d00 (webtiles) character file.

Game seed: 16153649617392156208

234 KamiKatze the Trooper (level 6, -3/57 HPs)
             Began as a Gargoyle Berserker on May 8, 2023.
             Was a Priest of Trog.
             Killed by divine providence
             ... invoked by an orc priest
              (12 damage)
             ... on level 4 of the Dungeon.
             The game lasted 00:05:56 (2023 turns).

KamiKatze the Trooper (Gargoyle Berserker)          Turns: 2023, Time: 00:05:56

Health: -3/57      AC: 12    Str: 22    XL:     6   Next: 5%
Magic:  6/6        EV: 11    Int:  8    God:    Trog [***...]
Gold:   135        SH:  0    Dex:  9    Spells: 5/5 levels left

rFire   + + .        a - +0 hand axe
rCold   . . .        (no shield)
rNeg    + . .        c - +2 ring mail {rF+}
rPois   ∞            (no helmet)
rElec   +            (no cloak)
rCorr   .            w - +0 pair of gloves
SInv    .            (no boots)
Will    .....        (no amulet) Stlth
                     m - ring of protection from fire
HPRegen 0.29/turn    y - ring of flight
MPRegen 0.10/turn

%: no passive effects
@: berserking (expiring), flying, very quick
A: sickness immunity, AC +4, negative energy resistance 1, electricity
resistance, torment resistance 1, petrification resistance
a: Renounce Religion, Berserk, Trog's Hand


You were on level 4 of the Dungeon.
You worshipped Trog.
Trog was most pleased with you.
You visited 1 branch of the dungeon, and saw 4 of its levels.

You collected 135 gold pieces.

Inventory:

Hand Weapons
 a - a +0 hand axe (weapon)
 p - a +0 flail
Missiles
 u - 5 poisoned darts (quivered)
Armour
 c - a +2 ring mail of fire resistance (worn)
 w - a +0 pair of gloves (worn)
Jewellery
 m - a ring of protection from fire (left hand)
 y - a ring of flight (right hand)
Wands
 l - a wand of flame (23)
Scrolls
 d - a scroll of amnesia {unknown}
 e - a scroll of brand weapon {unknown}
 f - a scroll of identify {unknown}
 g - a scroll of teleportation {unknown}
 i - a scroll of enchant weapon {unknown}
 k - 2 scrolls of fear {unknown}
 o - a scroll of magic mapping {unknown}
 r - a scroll of enchant armour {unknown}
 s - a scroll of immolation {unknown}
 x - a scroll of acquirement {unknown}
Potions
 b - a potion of heal wounds {unknown}
 h - a potion of mutation {unknown}
 j - a potion of ambrosia {unknown}
 n - a potion of invisibility {unknown}
 q - 2 potions of flight {unknown}
 t - 2 potions of degeneration {unknown}
 v - a potion of brilliance {unknown}


   Skills:
 + Level 4.2 Fighting
 * Level 4.2 Axes
 - Level 2.0 Throwing
 - Level 2.1 Armour
 - Level 2.0 Dodging
 + Level 1.8 Evocations


You had 5 spell levels left.
You didn't know any spells.
Your spell library was empty.

Dungeon Overview and Level Annotations

Branches:
Dungeon (4/15)
 Temple: D:4-7

Altars:
Makhleb
Uskayaw


Innate Abilities, Weirdness & Mutations

You are immune to sickness and miasma.
Your stone body is resilient. (AC +4)
You are immune to poison.
You resist negative energy. (rN+)
You are resistant to electric shocks. (rElec)
You are resistant to unholy torment.
You are immune to petrification.


Message History

The orc shouts!
An orc priest comes into view. It is wielding a +0 hand axe.
The orc priest miscasts a cantrip.
The orc priest hits you but does no damage.
The orc priest invokes the aid of Beogh against you.
Beogh smites you!
You barely miss the orc priest.
The orc priest calls down the wrath of Beogh upon you.
Beogh smites you!
* * * LOW HITPOINT WARNING * * *
The orc priest hits you but does no damage.
You are too injured to fight recklessly!
You are too injured to fight recklessly!
Unknown command.
A red film seems to cover your vision as you go berserk!
You feel yourself moving faster!
You feel mighty! The orc priest hits you with a +0 club.
* * * LOW HITPOINT WARNING * * *
You slash the orc priest!
You kill the orc priest!
Trog accepts your kill.
You have reached level 6!
Things that are here:
a +0 club; an orc corpse You barely miss the orc priest.
You slash the orc!
You kill the orc!
Trog accepts your kill.
The orc priest hits you with a +0 hand axe!
* * * LOW HITPOINT WARNING * * *
Training target 2.0 for Throwing reached!
Your Throwing skill increases to level 2!
You closely miss the orc priest. You hit the orc priest.
The orc priest is lightly wounded.
You barely miss the orc priest. The orc priest closely misses you.
The orc priest hits you but does no damage.
You closely miss the orc priest. You slash the orc priest!
The orc priest mumbles some strange prayers to Beogh against you.
Beogh smites you!
You die...

............
...........###
............
#........#
#..?.....#
#........#####.
#......).......
##.....)@o......
#......o........
##....##########
#....# #....#
### #....#
####.#####.####
...........#
#.##########


You could see 2 orc priests.

Vanquished Creatures
  An orc priest (D:4)
  Natasha (thrice) (D:3)
  5 adders
  2 worms
  A dart slug (D:1)
  2 orcs
  5 bats
  7 endoplasms
  3 giant cockroaches
  3 goblins (D:3)
  10 hobgoblins
  4 jackals (D:3)
  11 kobolds
  4 quokkas
  6 ball pythons
  4 frilled lizards
  4 rats
75 creatures vanquished.

Notes
Turn   | Place    | Note
-------+----------+-------------------------------------------
     0 | D:1      | KamiKatze the Gargoyle Berserker began the quest for the
                  | Orb.
     0 | D:1      | Reached XP level 1. HP: 14/14 MP: 1/1
    89 | D:1      | Reached XP level 2. HP: 19/19 MP: 2/2
   194 | D:1      | Reached XP level 3. HP: 19/23 MP: 3/3
   227 | D:1      | Reached ** piety under Trog
   431 | D:1      | Found a faded altar of an unknown god.
   712 | D:2      | Reached skill level 1 in Throwing
   896 | D:2      | Reached XP level 4. HP: 28/29 MP: 4/4
  1079 | D:2      | Reached skill level 1 in Evocations
  1346 | D:3      | Noticed Natasha
  1355 | D:3      | Killed Natasha
  1421 | D:3      | Reached XP level 5. HP: 33/33 MP: 5/5
  1502 | D:3      | Noticed Natasha
  1518 | D:3      | Killed Natasha
  1869 | D:3      | Noticed Natasha
  1880 | D:3      | Killed Natasha
  1929 | D:3      | Reached *** piety under Trog
  1949 | D:3      | Found a hide-covered altar of Uskayaw.
  1949 | D:3      | Found a burning altar of Makhleb.
  2018 | D:4      | Reached XP level 6. HP: 14/38 MP: 6/6
  2023 | D:4      | Killed from afar by an orc priest

Illustrated notes

Levels and vault maps discovered:
D:1:      tarquinn_simple_flora_water_e, layout_rooms,
          shapermc_ecumenical_altar_petra
D:2:      layout_basic, kennysheep_potato
D:3:      layout_loops_ring, gammafunk_temple_overflow_elements, uniq_natasha
D:4:      layout_basic, lemuel_crystal_altar, cheibrodos_worm_habitat,
          minmay_temple_entry_statues_fountains, gammafunk_ghost_cemetery,
          minmay_goblin_kobold_house

Skill      XL: |  1  2  3  4  5  6 |
---------------+-------------------+-----
Axes           | 3 4 |  4.2
Throwing       | 1 2 |  2.0
Dodging        | 2 |  2.0
Evocations     | 1 |  1.8
Fighting       | 4 |  4.2
Armour         | |  2.1

Action                     |  1- 3 |  4- 6 || total
---------------------------+-------+-------++-------
  Melee: Hand axe          |   101 |   133 ||   234
         Punch             |     2 |       ||     2
 Invoke: Berserk           |     1 |     3 ||     4
 Armour: Animal skin       |     2 |       ||     2
         Ring mail         |    48 |    81 ||   129
  Dodge: Dodged            |    59 |    72 ||   131
